 Dungeon Crawl Stone Soup version 0.28-b1 (webtiles) character file.

Game seed: 16056030481568386909

51 H0rd4k the Charlatan (level 4, -10/32 HPs)
             Began as a Human Artificer on Jan 26, 2022.
             Mangled by a worm (11 damage)
             ... on level 2 of the Dungeon.
             The game lasted 00:01:49 (2118 turns).

H0rd4k the Charlatan (Human Artificer)              Turns: 2118, Time: 00:01:49

Health: -10/32     AC:  3    Str: 14    XL:     4   Next: 5%
Magic:  4/4        EV: 11    Int: 11    God:
Gold:   29         SH:  0    Dex: 14    Spells: 3/3 levels left

rFire   . . .      SeeInvis .   a - +0 club
rCold   . . .      Faith    .   (no shield)
rNeg    . . .      Spirit   .   b - +0 leather armour
rPois   .          Reflect  .   (no helmet)
rElec   .          Harm     .   (no cloak)
rCorr   .          Rampage  .   (no gloves)
Will    .....                   (no boots)
Stlth   +.........              (no amulet)
HPRegen 0.10/turn               (no ring)
MPRegen 0.09/turn               (no ring)

@: no status effects
A: no striking features
a: no special abilities


You were on level 2 of the Dungeon.
You visited 1 branch of the dungeon, and saw 2 of its levels.

You collected 29 gold pieces.

Inventory:

Hand Weapons
 a - a +0 club (weapon)
Armour
 b - a +0 leather armour (worn)
Wands
 c - a wand of flame (7) (quivered)
 d - a wand of charming (15)
Scrolls
 f - 2 scrolls of blinking {unknown}
 g - 2 scrolls of fog {unknown}
Potions
 h - a potion of flight {unknown}
 i - a potion of mutation {unknown}
Miscellaneous
 e - a piece from Xom's chessboard (15/15)


   Skills:
 + Level 1.3 Fighting
 - Level 2.0 Armour
 + Level 1.4 Dodging
 - Level 1.0 Stealth
 + Level 4.3 Evocations


You had 3 spell levels left.
You didn't know any spells.
Your spell library was empty.

Dungeon Overview and Level Annotations

Branches:
Dungeon (2/15)

Altars:


Message History

You closely miss the bat.
The bat is moderately wounded.
The bat hits you but does no damage. The bat completely misses you.
You hit the bat but do no damage.
The bat is moderately wounded.
The bat completely misses you. The bat barely misses you.
You hit the bat.
You kill the bat!
You barely miss the worm. You hit the worm.
The worm is moderately wounded.
The worm bites you.
You hit the worm.
The worm is heavily wounded.
The worm barely misses you.
You hit the worm but do no damage.
The worm is moderately wounded.
The worm bites you!
You hit the worm.
The worm is heavily wounded.
You barely miss the worm.
The worm is heavily wounded.
The worm bites you!
You hit the worm.
The worm is severely wounded.
The worm misses you.
You barely miss the worm.
The worm is heavily wounded.
The worm bites you.
* * * LOW HITPOINT WARNING * * *
You hit the worm.
The worm is heavily wounded.
You hit the worm.
The worm is severely wounded.
The worm bites you!
* * * LOW HITPOINT WARNING * * *
You hit the worm but do no damage.
The worm is severely wounded.
The worm bites you!
You die...

#.##.#####.######
#...(#####..##...
#..............#
#..###.####.##...#
###########..# #.#
#.# .##
.............# #.#
#.# #
.#.#########.# #.#
#.# ...#########.#
#.# #.#
##........(..# #@#
#.# ##.###########
#w# ..## #.# ###
#.# #.# #.# #.#
#.#


You could see a worm.

Vanquished Creatures
  A gnoll (D:1)
  A worm (D:2)
  2 dart slugs (D:1)
  4 ball pythons
  2 endoplasms (D:1)
  2 goblins (D:1)
  2 hobgoblins
  4 jackals (D:2)
  2 quokkas (D:1)
  4 bats
  3 frilled lizards (D:1)
  2 kobolds (D:1)
  5 rats (D:1)
34 creatures vanquished.

Notes
Turn   | Place    | Note
-------+----------+-------------------------------------------
     0 | D:1      | H0rd4k the Human Artificer began the quest for the Orb.
     0 | D:1      | Reached XP level 1. HP: 15/15 MP: 1/1
   263 | D:1      | Reached XP level 2. HP: 21/21 MP: 2/2
   459 | D:1      | Found a faded altar of an unknown god.
   746 | D:1      | Reached XP level 3. HP: 23/26 MP: 3/3
   833 | D:1      | Reached skill level 4 in Evocations
  2053 | D:2      | Reached XP level 4. HP: 32/32 MP: 4/4
  2117 | D:2      | HP: 1/32 [worm (8)]
  2118 | D:2      | Mangled by a worm

Illustrated notes

Levels and vault maps discovered:
D:1:      wander_arrival_fairy_ring, layout_basic,
          hellmonk_ecumenical_altar_lost_god
D:2:      layout_loops_ring

Skill      XL: |  1  2  3 |
---------------+----------+-----
Evocations     | 4 |  4.3
Fighting       | |  1.3
Armour         | |  2.0
Dodging        | |  1.4
Stealth        | |  1.0

Action                   |  1- 3 |  4- 6 || total
-------------------------+-------+-------++-------
Melee: Club              |   150 |    24 ||   174
       Punch             |     3 |     1 ||     4
Evoke: Wand              |     8 |       ||     8
 Stab: Sleeping          |     1 |       ||     1
Armor: Leather armour    |    72 |    11 ||    83
Dodge: Dodged            |   126 |    21 ||   147
